 Dungeon Sprint DCSS version 0.29-a0-350-g7790a0e70a (webtiles) character file.

Game seed: 9170160308251775849

34148 mhtbhm the Axe Maniac (level 13, -11/148 HPs)
             Began as a Minotaur Berserker on Apr 22, 2022.
             Was the Champion of Trog.
             Succumbed to a nagaraja's poison arrow
             ... in the Dungeon (Sprint IX: "|||||||||||||||||||||||||||||").
             The game lasted 00:06:05 (5035 turns).

mhtbhm the Axe Maniac (Minotaur Berserker)          Turns: 5035, Time: 00:06:05

Health: -11/148    AC: 24    Str: 27    XL:     13   Next: 40%
Magic:  12/12      EV: 13    Int:  4    God:    Trog [******]
Gold:   1368       SH:  5    Dex: 10    Spells: 12/12 levels left

rFire   . . .      SeeInvis .   a - +9 executioner's axe of Summer {vorpal, Will+}
rCold   + . .      Faith    .   (shield currently unavailable)
rNeg    . . .      Spirit   .   b - +2 chain mail {rC+}
rPois   .          Reflect  +   (helmet restricted)
rElec   .          Harm     .   B - +1 cloak {Will+}
rCorr   .          Rampage  .   q - +0 pair of gloves
Will    ++...      NoTele   +   u - +0 pair of boots
Stlth   ..........              v - amulet of reflection
HPRegen 0.34/turn               l - +2 ring of evasion
MPRegen 0.13/turn               m - +2 ring of evasion

@: lethally poisoned (-11 -> -82), on berserk cooldown, slowed, constricted,
very slow
A: horns 2, retaliatory headbutt
a: Renounce Religion, Berserk, Trog's Hand, Brothers in Arms


You were in the Dungeon.
You worshipped Trog.
Trog was exalted by your worship.
You visited 1 branch You collected 1868 gold pieces.
You spent 500 gold pieces at shops.

Inventory:

Hand Weapons
 a - the +9 executioner's axe of Summer (weapon) {vorpal, Will+}
   (Trog gifted it to you in the Dungeon)

   It inflicts extra damage upon your enemies.
   Will:      It increases your willpower.
 C - the +7 battleaxe of Indignation {vorpal, Str+10 Int-3}
   (Trog gifted it to you in the Dungeon)

   It inflicts extra damage upon your enemies.
   Str:       It affects your strength (+10).
   Int:       It affects your intelligence (-3).
Missiles
 t - a throwing net (quivered)
 D - a silver javelin
Armour
 b - a +2 chain mail of cold resistance (worn)
 k - a +1 tower shield
 q - a +0 pair of gloves (worn)
 u - a +0 pair of boots (worn)
 B - a +1 cloak of willpower (worn)
Jewellery
 l - a +2 ring of evasion (left hand)
 m - a +2 ring of evasion (right hand)
 v - an amulet of reflection (around neck)
 w - a ring of poison resistance
 x - a ring of fire
 y - a ring of protection from cold
 z - a ring of protection from cold
 A - a ring of fire
Wands
 j - a wand of iceblast (10)
Scrolls
 h - 2 scrolls of blinking
 p - 5 scrolls of enchant armour
 r - 2 scrolls of enchant weapon
 s - 4 scrolls of identify
Potions
 c - 6 potions of curing
 d - 9 potions of heal wounds
 e - a potion of haste
 f - 4 potions of magic
 g - a potion of berserk rage
 i - a potion of invisibility
 n - 2 potions of mutation
 o - a potion of might


   Skills:
 + Level 23.0 Fighting
 O Level 27 Axes
 + Level 20.1 Armour
 + Level 10.3 Dodging
 + Level 4.8 Stealth
 + Level 4.7 Shields


You had 12 spell levels left.
You didn't know any spells.
Your spell library was empty.

Dungeon Overview and Level Annotations

Branches:
Dungeon (1/1)

Altars:
Cheibriados
Dithmenos
Elyvilon
Fedhas
Gozag
Hepliaklqana
Kikubaaqudgha
Makhleb
Nemelex Xobeh
Okawaru
Qazlal
Ru
Sif Muna
Trog
Uskayaw
Vehumet
Wu Jian
Xom
Yredelemnul
Zin
The Shining One
Beogh
Jiyva
Lugonu

Shops:
D [*=[


Innate Abilities, Weirdness & Mutations

You have a pair of horns on your head.
You reflexively headbutt those who attack you in melee.


Message History

Unknown command.
You open the nagaraja like a pillowcase!!!
You headbutt the nagaraja.
The nagaraja is heavily wounded.
You feel very sick.
Unknown command.
You completely miss the nagaraja. You headbutt the nagaraja!
The nagaraja is severely wounded.
You are no longer berserk.
You are exhausted.
You feel yourself slow down.
You feel very sick. The nagaraja misses you. The nagaraja constricts you.
You slice the nagaraja!!
The nagaraja is almost dead.
You feel very sick. The nagaraja casts a spell at you.
The poison arrow hits you.
You are more poisoned.
The nagaraja constricts you.
The naga mage casts a spell.
The naga mage seems to speed up.
The nagaraja gestures at you while chanting.
The bolt of poison hits you!!
You are more poisoned.
The nagaraja constricts you.
You barely miss the nagaraja.
You headbutt the nagaraja, but do no damage.
The nagaraja is almost dead.
* * * LOW HITPOINT WARNING * * *
You feel extremely sick.
The nagaraja points at you and mumbles some strange words.
The poison arrow hits you!!
You are more poisoned.
* * * LOW HITPOINT WARNING * * *
The nagaraja constricts you.
* * * LOW HITPOINT WARNING * * *
You closely miss the nagaraja.
The nagaraja is almost dead.
You die...

♣▓▓▓▓▓▓▓▓▓▓▓▓▓▓▓▓▓▓▓▓▓▓▓
+.NNSSN@.†)...))÷).)'...
♣♣♣♣♣♣♣♣♣♣▓▓▓▓▓▓▓▓▓▓▓▓▓▓▓▓▓▓▓▓▓▓▓
.................)..†............
▓▓▓▓▓▓▓▓▓▓▓▓▓▓▓▓▓▓▓▓▓▓▓▓▓▓▓▓▓▓▓▓▓
.('))[.)..)..[[[[[[[..))))))))...
▓▓▓▓▓▓▓▓▓▓▓▓▓▓▓▓▓▓▓▓▓▓▓▓▓▓▓▓▓▓▓▓▓
.................................
▓▓▓▓▓▓▓▓▓▓▓▓▓▓▓▓▓▓▓▓▓▓▓▓▓▓▓▓▓▓▓▓▓
.)))))..)))))))))'....))))))).)).


You could see a nagaraja (fast), 2 black mambas, a naga mage (fast) and a naga.

Vanquished Creatures
  Rupert (D)
  A nagaraja (D)
  Azrael (D)
  An ettin (D)
  A merfolk javelineer (D)
  2 fire dragons (D)
  A merfolk impaler (D)
  3 hydras (D)
  2 boulder beetles (D)
  4 catoblepae (D)
  4 death yaks (D)
  A shock serpent (D)
  2 sea snakes (D)
  A harpy (shapeshifter) (D)
  A deep elf pyromancer (D)
  2 necromancers (D)
  7 orc knights (D)
  A cyclops (D)
  3 black mambas (D)
  6 cane toads (D)
  Psyche (D)
  A rime drake (D)
  2 gargoyles (D)
  An efreet (D)
  A merfolk (D)
  2 trolls (D)
  A wind drake (D)
  A slime creature (D)
  2 snapping turtles (D)
  A wraith (D)
  4 fire elementals (D)
  A water elemental (D)
  A yak (D)
  A basilisk (D)
  A naga (D)
  3 water moccasins (D)
  2 hell hounds (D)
  15 orc warriors (D)
  An ogre (D)
  3 bullfrogs (D)
  2 necrophages (D)
  A scorpion (D)
  A howler monkey (D)
  5 orc priests (D)
  3 orc wizards (D)
  An adder (D)
  4 orcs (D)
  A ball python (D)
  A bat (D)
  A giant cockroach (D)
  A hobgoblin (D)
  A frilled lizard (D)
112 creatures vanquished.

Vanquished Creatures (collateral kills)
  A fire giant (D)
  A rakshasa (D)
  A boulder beetle (D)
  A wizard (D)
  4 orc knights (D)
  A cyclops (D)
  An orc warrior (D)
10 creatures vanquished.

Vanquished Creatures (others)
  A deep elf pyromancer (D)
1 creature vanquished.

Grand Total: 123 creatures vanquished

Notes
Turn   | Place    | Note
-------+----------+-------------------------------------------
     0 | D        | mhtbhm the Minotaur Berserker began the quest for the Orb.
     0 | D        | Reached XP level 1. HP: 19/19 MP: 0/0
     5 | D        | Reached skill level 4 in Axes
     7 | D        | Reached ** piety under Trog
   116 | D        | Noticed a scorpion
   116 | D        | Noticed an ogre
   116 | D        | Noticed a necrophage
   116 | D        | Noticed a necrophage
   119 | D        | Reached skill level 5 in Fighting
   119 | D        | Reached skill level 5 in Axes
   119 | D        | Reached XP level 2. HP: 29/29 MP: 1/1
   126 | D        | Killed a necrophage
   126 | D        | Reached *** piety under Trog
   127 | D        | Reached skill level 7 in Axes
   127 | D        | Reached XP level 3. HP: 11/38 MP: 2/2
   127 | D        | Reached XP level 4. HP: 13/45 MP: 3/3
   130 | D        | Killed a necrophage
   131 | D        | Reached skill level 8 in Axes
   131 | D        | Killed an ogre
   132 | D        | Reached skill level 10 in Axes
   132 | D        | Reached XP level 5. HP: 10/57 MP: 4/4
   397 | D        | Reached skill level 11 in Axes
   397 | D        | Reached XP level 6. HP: 43/66 MP: 5/5
   401 | D        | Found a snail-covered altar of Cheibriados.
   401 | D        | Found a shadowy altar of Dithmenos.
   401 | D        | Found a white marble altar of Elyvilon.
   401 | D        | Found a blossoming altar of Fedhas.
   401 | D        | Found an opulent altar of Gozag.
   402 | D        | Found a hazy altar of Hepliaklqana.
   403 | D        | Found a viscous altar of Jiyva.
   404 | D        | Found an ancient bone altar of Kikubaaqudgha.
   405 | D        | Found a corrupted altar of Lugonu.
   406 | D        | Found a burning altar of Makhleb.
   407 | D        | Found a sparkling altar of Nemelex Xobeh.
   408 | D        | Found an iron altar of Okawaru.
   409 | D        | Found a stormy altar of Qazlal.
   410 | D        | Found a sacrificial altar of Ru.
   411 | D        | Found a shimmering blue altar of Sif Muna.
   412 | D        | Found a bloodstained altar of Trog.
   413 | D        | Found a hide-covered altar of Uskayaw.
   414 | D        | Found a radiant altar of Vehumet.
   415 | D        | Found an ornate altar of the Wu Jian Council.
   416 | D        | Found a shimmering altar of Xom.
   417 | D        | Found a basalt altar of Yredelemnul.
   418 | D        | Found a glowing silver altar of Zin.
   419 | D        | Found a glowing golden altar of the Shining One.
   533 | D        | Noticed a wraith
   533 | D        | Noticed a troll
   533 | D        | Noticed a troll
   533 | D        | Noticed a gargoyle
   535 | D        | Reached **** piety under Trog
   536 | D        | Reached skill level 5 in Dodging
   537 | D        | Reached skill level 10 in Fighting
   537 | D        | Reached skill level 5 in Armour
   543 | D        | Killed a gargoyle
   544 | D        | Reached skill level 13 in Axes
   544 | D        | Reached XP level 7. HP: 73/74 MP: 6/6
   548 | D        | Killed a troll
   549 | D        | Reached skill level 14 in Axes
   549 | D        | Reached skill level 1 in Stealth
   550 | D        | Killed a troll
   551 | D        | Reached XP level 8. HP: 52/85 MP: 7/7
   559 | D        | Reached ***** piety under Trog
   560 | D        | Reached skill level 15 in Axes
   804 | D        | Noticed a deep elf pyromancer
   804 | D        | Noticed a boulder beetle
   804 | D        | Noticed a cyclops
   804 | D        | Noticed a gargoyle
   804 | D        | Noticed a deep elf pyromancer
   804 | D        | Noticed a slime creature
   809 | D        | Killed a slime creature
   814 | D        | Killed a deep elf pyromancer
   815 | D        | Reached skill level 16 in Axes
   817 | D        | Killed a gargoyle
   818 | D        | Reached skill level 17 in Axes
   818 | D        | Reached XP level 9. HP: 94/94 MP: 8/8
   821 | D        | Killed a cyclops
   872 | D        | Killed a boulder beetle
   873 | D        | Reached skill level 18 in Axes
   873 | D        | Killed a deep elf pyromancer
   873 | D        | Received a gift from Trog
   874 | D        | Reached skill level 15 in Fighting
  1044 | D        | Noticed a cane toad
  1044 | D        | Noticed a rime drake
  1045 | D        | Noticed a cane toad
  1048 | D        | Killed a rime drake
  1050 | D        | Reached skill level 19 in Axes
  1053 | D        | Killed a cane toad
  1054 | D        | Noticed a cane toad
  1056 | D        | Reached XP level 10. HP: 106/106 MP: 9/9
  1059 | D        | Killed a cane toad
  1062 | D        | Identified the +9 executioner's axe of Summer {vorpal,
                  | Will+} (Trog gifted it to you in the Dungeon)
  1062 | D        | Received a gift from Trog
  1067 | D        | Killed a cane toad
  1068 | D        | Reached skill level 20 in Axes
  1068 | D        | Reached skill level 10 in Armour
  1173 | D        | Noticed a death yak
  1173 | D        | Noticed a cane toad
  1173 | D        | Noticed a cane toad
  1173 | D        | Noticed a cane toad
  1173 | D        | Noticed a seven-headed hydra
  1175 | D        | Noticed a black mamba
  1178 | D        | Killed a ten-headed hydra
  1180 | D        | Killed a cane toad
  1181 | D        | Killed a cane toad
  1182 | D        | Noticed a black mamba
  1184 | D        | Killed a cane toad
  1187 | D        | Killed a death yak
  1187 | D        | Reached ****** piety under Trog
  1188 | D        | Reached skill level 21 in Axes
  1192 | D        | Killed a black mamba
  1199 | D        | Killed a black mamba
  1201 | D        | Received a gift from Trog
  1512 | D        | Noticed a death yak
  1512 | D        | Noticed a catoblepas
  1512 | D        | Noticed a catoblepas
  1512 | D        | Noticed a death yak
  1512 | D        | Noticed a catoblepas
  1515 | D        | Killed a catoblepas
  1515 | D        | Noticed a death yak
  1516 | D        | Reached skill level 22 in Axes
  1516 | D        | Reached XP level 11. HP: 117/117 MP: 10/10
  1521 | D        | Killed a death yak
  1526 | D        | Noticed a catoblepas
  1533 | D        | Killed a catoblepas
  1536 | D        | Killed a catoblepas
  2006 | D        | Killed a death yak
  2018 | D        | Killed a catoblepas
  2018 | D        | Received a gift from Trog
  2019 | D        | Reached skill level 23 in Axes
  2030 | D        | Killed a death yak
  2461 | D        | Noticed Psyche
  2464 | D        | Killed Psyche
  2529 | D        | Received a gift from Trog
  2550 | D        | Received a gift from Trog
  2713 | D        | Noticed an orc knight
  2716 | D        | Noticed an orc knight
  2719 | D        | Identified the +10 glaive "Gidopet" {flame, Fragile rElec
                  | rC+ Str+3} (Trog gifted it to you in the Dungeon)
  2719 | D        | Received a gift from Trog
  2726 | D        | Killed an orc knight
  2727 | D        | Reached skill level 15 in Armour
  2729 | D        | Killed an orc knight
  2989 | D        | Found Axtuhaic's Armour Boutique.
  2989 | D        | Noticed an orc knight
  2989 | D        | Noticed an orc knight
  2989 | D        | Noticed an orc knight
  2994 | D        | Killed an orc knight
  2995 | D        | Reached skill level 24 in Axes
  2995 | D        | Found Peidauz's Jewellery Shop.
  2995 | D        | Noticed an orc knight
  2997 | D        | Killed an orc knight
  2997 | D        | Received a gift from Trog
  2999 | D        | Noticed an orc knight
  3001 | D        | Killed an orc knight
  3002 | D        | Reached XP level 12. HP: 70/130 MP: 11/11
  3024 | D        | Received a gift from Trog
  3262 | D        | Found Attubbom's Assorted Antiques.
  3266 | D        | Found Dosestro's Armour Shop.
  3284 | D        | Reached skill level 25 in Axes
  3415 | D        | Bought an amulet of reflection for 300 gold pieces
  3436 | D        | Bought a ring of poison resistance for 200 gold pieces
  3614 | D        | Noticed a boulder beetle
  3614 | D        | Noticed a five-headed hydra
  3614 | D        | Noticed a four-headed hydra
  3617 | D        | Killed a six-headed hydra
  3619 | D        | Noticed a boulder beetle
  3622 | D        | Killed an eight-headed hydra
  3626 | D        | Killed a boulder beetle
  3626 | D        | Received a gift from Trog
  3637 | D        | Noticed a fire giant
  3639 | D        | Noticed a fire dragon
  3642 | D        | Killed a boulder beetle
  3646 | D        | Killed a fire giant
  3647 | D        | Reached skill level 26 in Axes
  3652 | D        | Identified the +7 battleaxe of Indignation {vorpal, Str+10
                  | Int-3} (Trog gifted it to you in the Dungeon)
  3652 | D        | Received a gift from Trog
  3733 | D        | Noticed a rakshasa
  3742 | D        | Killed a fire dragon
  3743 | D        | Reached skill level 1 in Shields
  3748 | D        | Noticed a fire dragon
  3752 | D        | Killed a rakshasa
  3757 | D        | Killed a fire dragon
  3939 | D        | Noticed an ettin
  3943 | D        | Killed an ettin
  3945 | D        | Received a gift from Trog
  4120 | D        | Noticed Rupert
  4132 | D        | HP: 6/136 [Rupert/+1 battleaxe of electrocution (4)]
  4142 | D        | Killed Rupert
  4143 | D        | Reached XP level 13. HP: 48/144 MP: 12/12
  4355 | D        | Noticed Azrael
  4366 | D        | Killed Azrael
  4642 | D        | Noticed a merfolk impaler
  4645 | D        | Killed a merfolk impaler
  4646 | D        | Reached skill level 27 in Axes
  4647 | D        | Noticed a merfolk javelineer
  4658 | D        | Received a gift from Trog
  4659 | D        | Reached skill level 10 in Dodging
  4667 | D        | Killed a merfolk javelineer
  5019 | D        | Noticed a nagaraja
  5019 | D        | Noticed a nagaraja
  5029 | D        | Killed a nagaraja
  5034 | D        | HP: 6/148 [constriction (2)]
  5035 | D        | Succumbed to a nagaraja's poison arrow

Illustrated notes

Levels and vault maps discovered:
D:        linesprint [early_d, line_temple, items_1, d_10, items_2, lair_1,
          lair_end, items_3, orc_1, orc_end, items_4, d_15, swamp_1, shoals_1,
          snake_1, spider_1, d_20, vaults_1, items_5, swamp_end, shoals_end,
          snake_end, spider_end, vaults_end, d_27, items_6, zot_1, zot_end,
          crypt_end, forest_end, elf_end, slime_end, tomb_end, abyss_end,
          pan_hell_end]

Skill      XL: |  1  2  3  4  5  6  7  8  9 10 11 12 13 |
---------------+----------------------------------------+-----
Fighting       | 5 6 9 11 12 13 15 17 19 21 23 | 23.0
Axes           | 5 7 10 11 13 14 17 19 22 24 26 27 | 27.0
Armour         | 3 4 5 6 7 9 12 15 18 20 | 20.1
Dodging        | 3 4 5 6 7 8 9 10 | 10.3
Stealth        | 1 2 4 |  4.8
Shields        | 2 4 |  4.7

Action                   |  1- 3 |  4- 6 |  7- 9 | 10-12 | 13-15 || total
-------------------------+-------+-------+-------+-------+-------++-------
Melee: Hand axe          |    15 |    12 |       |       |       ||    27
       Headbutt          |     3 |     7 |    10 |    40 |    13 ||    73
       Broad axe         |       |     8 |    46 |    12 |       ||    66
       Punch             |       |       |     2 |       |       ||     2
       Executioner's axe |       |       |       |   152 |    46 ||   198
Invok: Berserk           |     1 |     1 |     3 |    10 |     3 ||    18
       Brothers in Arms  |       |       |       |     5 |       ||     5
  Use: Potion            |       |       |       |     3 |       ||     3
       Scroll            |       |       |       |     2 |     1 ||     3
 Stab: Petrifying        |       |       |       |     1 |       ||     1
       Petrified         |       |       |       |     1 |       ||     1
Armor: Animal skin       |       |     2 |       |       |       ||     2
       Chain mail        |       |     1 |     6 |    58 |     9 ||    74
Dodge: Dodged            |     6 |     4 |    14 |    63 |    17 ||   104
Block: Other             |       |       |       |     8 |     7 ||    15
       Reflection        |       |       |       |     1 |       ||     1

Table legend: (Time is in decaauts)
 A = Elapsed time spent in this place.
 B = Non-inter-level travel time spent in this place.
 C = Inter-level travel time spent in this place.
 D = Time resting spent in this place.
 E = Time spent auto-exploring this place.
 F = Levels seen in this place.
 G = Mean time per level.
                   A        B        C        D        E       F      G
               +--------+--------+--------+--------+--------+-----+--------+
         Total |   5111 |   5111 |      0 |   3728 |    209 |   1 | 5111.0 |
       Dungeon |   5111 |   5111 |      0 |   3728 |    209 |   1 | 5111.0 |
               +--------+--------+--------+--------+--------+-----+--------+

Top non-repeatable levels by time:
       D: 5111 daAuts
